 Dungeon Crawl Stone Soup version 0.23.2-40-g277498a001 (webtiles) character file.

Game seed: 2638747702251296439

1701 H0rd4k the Cutter (level 9, -7/66 HPs)
             Began as a Human Artificer on Aug 27, 2019.
             Was an Initiate of Gozag.
             Mangled by an orc warrior
             ... wielding a +0 halberd
              (18 damage)
             ... on level 8 of the Dungeon.
             The game lasted 00:15:02 (9110 turns).

H0rd4k the Cutter (Human Artificer)                 Turns: 9110, Time: 00:15:02

Health: -7/66      AC:  4    Str: 16    XL:     9   Next: 23%
Magic:  12/12      EV: 15    Int: 11    God:    Gozag
Gold:   630        SH:  0    Dex: 16    Spells: 8/8 levels left

rFire    . . .     SeeInvis +   z - +0 rapier
rCold    . . .     Gourm    .   (no shield)
rNeg     . . .     Faith    .   b - +0 leather armour
rPois    .         Spirit   .   (no helmet)
rElec    .         Reflect  .   (no cloak)
rCorr    .         Harm     .   (no gloves)
MR       .....     Rnd*Rage +   c - +0 pair of boots
Stlth    ++........             (no amulet)
HPRegen  0.21/turn              w - ring of see invisible
MPRegen  0.13/turn              (no ring)

@: hasted, very quick
A: agile 1, berserk 1
a: Potion Petition, Call Merchant, Bribe Branch, Renounce Religion


You were on level 8 of the Dungeon.
You worshipped Gozag.
Gozag was pleased with you.
You were not hungry.

You visited 2 branches of the dungeon, and saw 9 of its levels.

You collected 677 gold pieces.
You paid 47 gold pieces to Gozag.

Inventory:

Hand Weapons
 a - a +0 short sword
 e - a +0 giant club
 z - a +0 rapier (weapon)
Armour
 b - a +0 leather armour (worn)
 c - a +0 pair of boots (worn)
Jewellery
 w - a ring of see invisible (left hand)
 C - an uncursed amulet of regeneration {unknown}
Wands
 d - a wand of enslavement (9)
 x - a wand of digging (4)
Scrolls
 g - a scroll of immolation {unknown}
 h - 10 scrolls of identify {unknown}
 i - 4 scrolls of remove curse {unknown}
 j - 2 scrolls of enchant weapon {unknown}
 m - 2 scrolls of magic mapping {unknown}
 n - 2 scrolls of blinking {unknown}
 o - 3 scrolls of amnesia {unknown}
 p - a scroll of fog {unknown}
 q - a scroll of fear {unknown}
 r - 5 scrolls of teleportation {unknown}
 t - a scroll of noise {unknown}
 y - 2 scrolls of random uselessness {unknown}
Potions
 k - a potion of agility
 s - 2 potions of lignification
 u - 2 potions of degeneration
 v - 2 potions of mutation
 A - a potion of haste
 B - a potion of berserk rage {unknown}
Comestibles
 f - 6 rations


   Skills:
 + Level 4.4 Fighting
 + Level 6.3 Short Blades
 + Level 4.1 Armour
 + Level 5.4 Dodging
 + Level 3.0 Stealth
 + Level 4.5 Evocations


You had 8 spell levels left.
You didn't know any spells.
Your spell library was empty.

Dungeon Overview and Level Annotations

Branches:
Dungeon (8/15)             Temple (1/1) D:4
   Lair: D:8-11

Altars:
Ashenzari
Cheibriados
Dithmenos
Elyvilon
Fedhas
Gozag
Hepliaklqana
Kikubaaqudgha
Makhleb
Nemelex Xobeh
Okawaru
Qazlal
Ru
Sif Muna
Trog
Uskayaw
Vehumet
Wu Jian
Xom
Yredelemnul
Zin
The Shining One

Shops:
D:4 %

Annotations:
D:3 2 transporters, Sassenached's ghost, weakling DsNe
D:6 exclusion: downstairs


Innate Abilities, Weirdness & Mutations

You are agile. (Dex +2)
You tend to lose your temper in combat.


Message History

You hit the orc warrior but do no damage.
The orc warrior hits you but does no damage.
Your orc misses the orc warrior.
It was a potion of haste.
You feel yourself speed up.
Your orc closely misses the orc warrior.
The orc warrior misses you.
Your orc hits the orc warrior with a +0 war axe.
Your orc closely misses the orc warrior.
The orc warrior closely misses you.
Your orc hits the orc warrior with a +0 war axe.
Your orc closely misses the orc warrior.
The orc warrior hits you from afar with a +0 halberd!
* * * LOW HITPOINT WARNING * * *
Your orc hits the orc warrior but does no damage.
Your orc misses the orc warrior.
Your orc hits the orc warrior with a +0 war axe.
Your orc hits the orc warrior with a +0 dagger.
The orc warrior hits you with a +0 halberd!!
You die...
Your body crumbles into a pile of gold.

#.######........#
#..o..o.........#
########.o......#
#........#
####........#
.............###
.........#.#.....
.......####.#.####
?......# #...@.# $
######## #.oo..#
#..o..# #.....#
#.....# #..$..#
#.##### #.# ###


You could see an orc warrior and 2 friendly orcs.

Vanquished Creatures
  2 hungry ghosts (D:7)
  A sky beast (D:6)
  2 ogres
  2 centaurs (D:7)
  3 scorpions
  3 crimson imps
  A centaur zombie (D:5)
  A quasit (D:7)
  A jelly (D:5)
  Ijyb (D:3)
  3 iguanas
  Natasha (thrice) (D:3)
  3 orc wizards
  3 worker ants
  9 adders
  An ooze (D:3)
  An adder zombie (D:5)
  3 worms
  5 dart slugs
  5 leopard geckos
  20 orcs
  2 ball pythons
  8 bats
  5 giant cockroaches
  6 goblins
  8 hobgoblins
  6 jackals
  6 kobolds
  6 quokkas
  7 frilled lizards
  6 rats
133 creatures vanquished.

Vanquished Creatures (collateral kills)
  An ogre (D:7)
  A scorpion (D:5)
  An orc (D:8)
3 creatures vanquished.

Vanquished Creatures (others)
  An ice beast (D:5)
  An orc wizard (D:7)
2 creatures vanquished.

Grand Total: 138 creatures vanquished

Notes
Turn   | Place    | Note
-------+----------+-------------------------------------------
     0 | D:1      | H0rd4k the Human Artificer began the quest for the Orb.
     0 | D:1      | Reached XP level 1. HP: 15/15 MP: 3/3
    27 | D:1      | Reached XP level 2. HP: 11/21 MP: 4/4
   361 | D:1      | Reached XP level 3. HP: 13/26 MP: 5/5
   441 | D:1      | Reached skill level 2 in Short Blades
   816 | D:2      | Reached XP level 4. HP: 22/32 MP: 6/6
  1415 | D:2      | Reached skill level 1 in Armour
  1639 | D:2      | Reached XP level 5. HP: 21/37 MP: 7/7
  2054 | D:3      | Found a transporter.
  2155 | D:3      | Noticed Ijyb
  2169 | D:3      | Killed Ijyb
  2169 | D:3      | Reached skill level 3 in Short Blades
  2480 | D:3      | Noticed Natasha
  2507 | D:3      | Killed Natasha
  2581 | D:3      | Noticed Natasha
  2599 | D:3      | Killed Natasha
  2599 | D:3      | Reached XP level 6. HP: 25/44 MP: 8/8
  2759 | D:3      | Noticed Natasha
  2780 | D:3      | Killed Natasha
  2829 | D:3      | HP: 2/44 [quokka (2)]
  2844 | D:2      | HP: 2/44 [quokka (3)]
  3234 | D:3      | Found a sacrificial altar of Ru.
  3310 | D:3      | Found a shadowy altar of Dithmenos.
  3345 | D:3      | Found a transporter.
  3345 | D:3      | Noticed Sassenached's ghost (weakling DsNe)
  3755 | D:4      | Found a bloodstained altar of Trog.
  3793 | D:4      | Noticed a water elemental
  3797 | D:4      | Found a stormy altar of Qazlal.
  3798 | D:4      | Noticed an air elemental
  3798 | D:4      | Noticed a fire elemental
  3849 | D:4      | Reached XP level 7. HP: 37/50 MP: 10/10
  4032 | D:4      | Found a staircase to the Ecumenical Temple.
  4039 | Temple   | Entered the Ecumenical Temple
  4267 | Temple   | Became a worshipper of Gozag Ym Sagoz the Greedy
  4339 | D:4      | Reached skill level 4 in Short Blades
  4794 | D:4      | Found Gouven's Food Emporium.
  5065 | D:5      | Entered Level 5 of the Dungeon
  6381 | D:7      | Reached XP level 8. HP: 4/57 MP: 11/11
  6659 | D:7      | Gained mutation: You tend to lose your temper in combat.
                  | [potion of mutation]
  6659 | D:7      | Gained mutation: You are agile. (Dex +2) [potion of
                  | mutation]
  7413 | D:5      | Reached skill level 5 in Short Blades
  7859 | D:4      | Found a glowing silver altar of Zin.
  7861 | D:4      | Found a deep blue altar of Sif Muna.
  7872 | D:4      | Found a radiant altar of Vehumet.
  7873 | D:4      | Found a shattered altar of Ashenzari.
  7873 | D:4      | Found a white marble altar of Elyvilon.
  7876 | D:4      | Found a hide-covered altar of Uskayaw.
  7877 | D:4      | Found an iron altar of Okawaru.
  8460 | D:7      | Reached skill level 5 in Dodging
  8460 | D:7      | Reached XP level 9. HP: 65/65 MP: 12/12
  8600 | D:7      | Found a sacrificial altar of Ru.
  8636 | D:7      | Reached skill level 6 in Short Blades
  9110 | D:8      | Mangled by an orc warrior

Skill      XL: |  1  2  3  4  5  6  7  8  9 |
---------------+----------------------------+-----
Short Blades   | 2 3 4 5 6 |  6.3
Armour         | 1 2 3 4 |  4.1
Fighting       | 2 4 |  4.4
Evocations     | 4 |  4.5
Dodging        | 3 5 |  5.4
Stealth        | 2 3 |  3.0

Action                   |  1- 3 |  4- 6 |  7- 9 || total
-------------------------+-------+-------+-------++-------
Melee: Short sword       |    94 |   260 |   211 ||   565
       Rapier            |       |       |   219 ||   219
Evoke: Wand              |       |    46 |    18 ||    64
  Use: Potion            |       |     3 |    11 ||    14
 Stab: Sleeping          |     2 |     3 |     5 ||    10
       Distracted        |       |       |     1 ||     1
       Invisible         |       |       |     1 ||     1
  Eat: Chunk             |       |     9 |     2 ||    11
       Ration            |       |       |     7 ||     7
Armor: Leather armour    |    24 |    59 |    88 ||   171
       Skin              |       |    20 |     8 ||    28
Dodge: Dodged            |    59 |   164 |   269 ||   492
